 Dungeon Crawl Stone Soup version 0.27-a0-1325-g58a489ad9e (webtiles) character file.

Game seed: 17250837816044271254

271 basicallysejuani the Vexing (level 6, -1/47 HPs)
             Began as a Gnoll Arcane Marksman on June 24, 2021.
             Was an Initiate of Gozag.
             Slain by an orc wizard (2 damage)
             ... on level 4 of the Dungeon.
             The game lasted 00:37:55 (4671 turns).

basicallysejuani the Vexing (Gnoll Arcane Marksman) Turns: 4671, Time: 00:37:55

Health: -1/47      AC:  6    Str: 11    XL:     6   Next: 23%
Magic:  11/11      EV: 12    Int: 12    God:    Gozag
Gold:   192        SH:  0    Dex: 13    Spells: 8/11 levels left

rFire    + + .     SeeInvis .   k - +2 short sword (venom)
rCold    + + .     Faith    .   (no shield)
rNeg     . . .     Spirit   .   B - +0 ring mail
rPois    +         Reflect  .   t - +0 helmet
rElec    +         Harm     .   (no cloak)
rCorr    +         Rampage  .   (no gloves)
Will     .....                  (no boots)
Stlth    ..........             p - amulet of magic regeneration
HPRegen  0.15/turn              f - ring of protection from fire
MPRegen  0.37/turn              g - ring of protection from cold

@: confused, brilliant, resistant, gold aura, attractive
A: fangs 1, strong nose, distributed training
a: Renounce Religion, Potion Petition, Call Merchant, Bribe Branch


You were on level 4 of the Dungeon.
You worshipped Gozag.
Gozag was aware of your devotion.
You visited 1 branch of the dungeon, and saw 4 of its levels.

You collected 592 gold pieces.
You spent 400 gold pieces at shops.

Inventory:

Hand Weapons
 a - a +0 shortbow
 e - a +0 morningstar
 k - a +2 short sword of venom (weapon)
 r - a +0 hand axe
 u - a +0 hunting sling of venom
Missiles
 c - 12 arrows
 h - 159 stones (quivered)
Armour
 d - a +0 robe
 s - a +0 animal skin
 t - a +0 helmet (worn)
 y - a +0 leather armour
 B - a +0 ring mail (worn)
Jewellery
 f - a ring of protection from fire (left hand)
 g - a ring of protection from cold (right hand)
 p - an amulet of magic regeneration (around neck)
 C - a ring of resist corrosion
Scrolls
 b - 8 scrolls of identify {unknown}
 m - a scroll of blinking {unknown}
 o - a scroll of summoning {unknown}
 v - 2 scrolls of teleportation {unknown}
 w - a scroll of magic mapping {unknown}
 x - a scroll of acquirement {unknown}
 z - a scroll of enchant weapon {unknown}


   Skills:
 + Level 3.2 Fighting
 + Level 1.8 Short Blades
 + Level 1.8 Long Blades
 + Level 1.8 Axes
 + Level 1.8 Maces & Flails
 + Level 1.8 Polearms
 + Level 1.8 Staves
 + Level 1.8 Slings
 + Level 4.9 Bows
 + Level 1.8 Crossbows
 + Level 1.8 Throwing
 + Level 1.8 Armour
 + Level 4.9 Dodging
 + Level 1.8 Stealth
 + Level 1.8 Shields
 + Level 1.8 Unarmed Combat
 + Level 3.3 Spellcasting
 + Level 1.4 Conjurations
 + Level 5.6 Hexes
 + Level 1.4 Summonings
 + Level 1.4 Necromancy
 + Level 1.4 Translocations
 + Level 1.4 Transmutations
 + Level 1.4 Fire Magic
 + Level 1.4 Ice Magic
 + Level 1.4 Air Magic
 + Level 1.4 Earth Magic
 + Level 1.4 Poison Magic
 + Level 2.0 Invocations
 + Level 1.8 Evocations


You had 8 spell levels left.
You knew the following spells:

 Your Spells              Type           Power      Damage    Failure   Level
a - Corona                Hex            25%        N/A       5%          1
b - Ensorcelled Hibernat  Hex/Ice        30%        N/A       21%         2

Your spell library contained the following spells:

 Spells                   Type           Power      Damage    Failure   Level
 Slow                     Hex            23%        N/A       9%          2
 Sting                    Tmut/Pois      32%        1d4       30%         1
 Inner Flame              Hex/Fire       15%        N/A       36%         3
 Portal Projectile        Hex/Tloc       30%        N/A       36%         3
 Poisonous Vapours        Pois/Air       16%        N/A       43%         2
 Cause Fear               Hex            11%        N/A       47%         4
 Ignite Poison            Fire/Tmut/Pois 8%         N/A       67%         3
 Mephitic Cloud           Conj/Pois/Air  8%         N/A       67%         3
 Leda's Liquefaction      Hex/Erth       7%         N/A       78%         4
 Animate Armour           Summ/Erth      16%        N/A       97%         4
 Olgreb's Toxic Radiance  Pois           8%         N/A       97%         4
 Silence                  Hex/Air        7%         N/A       98%         5
 Borgnjor's Vile Clutch   Necr/Erth      4%         N/A       100%        5
 Shadow Creatures         Summ           N/A        N/A       100%        6


Dungeon Overview and Level Annotations

Branches:
Dungeon (4/15)
 Temple: D:4-7

Altars:
Gozag
Nemelex Xobeh
Sif Muna

Shops:
D:2 :

Annotations:
D:2 book shop on here


Innate Abilities, Weirdness & Mutations

You have very sharp teeth.
Your uncanny sense of smell can sniff out nearby items.
Your experience applies equally to all skills.


Message History

The orc hits you with a +0 flail.
You hear some strange, mumbled words.
A puff of flame appears from out of thin air!
The puff of flame misses you.
You barely miss something. The orc closely misses you.
Something hits you but does no damage. The orc hits you but does no damage.
You hit something. The orc hits you with a +0 flail! The orc barely misses you.
Something hits you but does no damage.
You miss something. The orc closely misses you. Something hits you.
The orc misses you.
You hit the orc.
The orc is poisoned.
The orc is severely wounded.
The orc hits you with a +0 flail.
* * * LOW HITPOINT WARNING * * *
You hear some strange, mumbled words.
A puff of flame appears from out of thin air!
The puff of flame misses you. The orc closely misses you.
As you read the scroll labelled WENOPR OBROPUU, it crumbles to dust.
It is a scroll of brand weapon.
Your +0 hunting sling drips with poison.
u - a +0 hunting sling of venom You kill the orc!
You hear some strange, mumbled words.
A magic dart appears from out of thin air!
The magic dart hits you.
* * * LOW HITPOINT WARNING * * *
The orc hits you with a +0 flail!
* * * LOW HITPOINT WARNING * * *
The bullfrog skeleton is distracted by your dazzling golden aura.
The orc is pulled toward you!
You hear some strange, mumbled words.
You are confused.
Something is pulled toward you!
The bullfrog skeleton is pulled toward you!
You miss something.
The bullfrog skeleton is no longer distracted by gold.
Something hits you but does no damage.
You bump into the rock wall.
Something hits you.
You die...
Your body crumbles into a pile of gold.

#)####.###. #.#
#.###.
#.####..... ###
#.#........ ..#
#.#.##.##.. #.#
#.#.##.##.. ##..
#.# ####.......
... #.# ≈≈≈
###.##)# #.. #@#
≈≈≈≈ ##.##.# #).
#{##≈≈...
#..).)#
..######oZ'..._.
#..####
#.#...$.##≈≈...
#..# ..#
#.......# ≈≈≈≈
#..#
.....###.#.#####
≈≈≈ #..#
#....#.# ## #..#
∆##o#.#.#######
##..#
#.#.........#
#...#


You could see an orc and a bullfrog skeleton.

Vanquished Creatures
  A scorpion (D:4)
  A hound (D:4)
  A jelly (D:4)
  An orc wizard (D:4)
  Robin (D:2)
  4 adders
  2 worms
  5 orcs (D:4)
  2 endoplasms (D:3)
  3 giant cockroaches
  5 hobgoblins
  9 jackals
  12 kobolds
  2 quokkas
  4 ball pythons
  2 bats
  4 frilled lizards
  11 goblins
  6 rats
76 creatures vanquished.

Notes
Turn   | Place    | Note
-------+----------+-------------------------------------------
     0 | D:1      | basicallysejuani the Gnoll Arcane Marksman began the quest
                  | for the Orb.
     0 | D:1      | Reached XP level 1. HP: 17/17 MP: 4/4
   118 | D:1      | Found a faded altar of an unknown god.
   337 | D:1      | Became a worshipper of Gozag Ym Sagoz the Greedy
   405 | D:1      | Reached XP level 2. HP: 23/23 MP: 5/5
  1057 | D:2      | Reached XP level 3. HP: 20/28 MP: 7/7
  1419 | D:2      | Reached skill level 1 in Invocations
  1519 | D:2      | Found Measua's Book Shoppe.
  2046 | D:2      | Noticed Robin
  2283 | D:2      | Reached skill level 1 in Short Blades
  2283 | D:2      | Reached skill level 1 in Long Blades
  2283 | D:2      | Reached skill level 1 in Axes
  2283 | D:2      | Reached skill level 1 in Maces & Flails
  2283 | D:2      | Reached skill level 1 in Polearms
  2283 | D:2      | Reached skill level 1 in Staves
  2283 | D:2      | Reached skill level 1 in Slings
  2283 | D:2      | Reached skill level 1 in Crossbows
  2283 | D:2      | Reached skill level 1 in Throwing
  2283 | D:2      | Reached skill level 1 in Armour
  2283 | D:2      | Reached skill level 1 in Stealth
  2283 | D:2      | Reached skill level 1 in Shields
  2283 | D:2      | Reached skill level 1 in Unarmed Combat
  2283 | D:2      | Reached skill level 1 in Evocations
  2295 | D:2      | Killed Robin
  2296 | D:2      | Reached XP level 4. HP: 25/34 MP: 8/8
  2379 | D:2      | Learned a level 2 spell: Ensorcelled Hibernation
  2514 | D:2      | Found Measua's Book Shoppe.
  2612 | D:3      | Found a sparkling altar of Nemelex Xobeh.
  2888 | D:3      | Reached skill level 1 in Conjurations
  2888 | D:3      | Reached skill level 1 in Summonings
  2888 | D:3      | Reached skill level 1 in Necromancy
  2888 | D:3      | Reached skill level 1 in Translocations
  2888 | D:3      | Reached skill level 1 in Transmutations
  2888 | D:3      | Reached skill level 1 in Fire Magic
  2888 | D:3      | Reached skill level 1 in Ice Magic
  2888 | D:3      | Reached skill level 1 in Air Magic
  2888 | D:3      | Reached skill level 1 in Earth Magic
  2888 | D:3      | Reached skill level 1 in Poison Magic
  3739 | D:2      | Bought a Young Poisoner's Handbook for 400 gold pieces
  3781 | D:4      | Reached XP level 5. HP: 31/40 MP: 9/9
  4438 | D:4      | Reached XP level 6. HP: 31/47 MP: 9/11
  4652 | D:4      | Found a shimmering blue altar of Sif Muna.
  4666 | D:4      | HP: 1/47 [orc (7)]
  4671 | D:4      | Slain by an orc wizard

Illustrated notes

Levels and vault maps discovered:
D:1:      ebering_trefoil_twist, layout_loops_corners,
          hellmonk_ecumenical_altar_pennies_from_heaven
D:2:      layout_loops_ring, serial_shops, shop, chequers_serial_rivers_small_3,
          uniq_robin
D:3:      layout_basic, nemelex_xobeh_ov_fountains_minmay
D:4:      layout_loops_ring, led_sif_pool, minmay_goblin_kobold_house

Skill      XL: |  1  2  3  4  5 |
---------------+----------------+-----
Invocations    | 1 2 |  2.0
Short Blades   | 1 |  1.8
Long Blades    | 1 |  1.8
Axes           | 1 |  1.8
Maces & Flails | 1 |  1.8
Polearms       | 1 |  1.8
Staves         | 1 |  1.8
Slings         | 1 |  1.8
Crossbows      | 1 |  1.8
Throwing       | 1 |  1.8
Armour         | 1 |  1.8
Stealth        | 1 |  1.8
Shields        | 1 |  1.8
Unarmed Combat | 1 |  1.8
Evocations     | 1 |  1.8
Spellcasting   | 3 |  3.3
Conjurations   | 1 |  1.4
Summonings     | 1 |  1.4
Necromancy     | 1 |  1.4
Translocations | 1 |  1.4
Transmutations | 1 |  1.4
Fire Magic     | 1 |  1.4
Ice Magic      | 1 |  1.4
Air Magic      | 1 |  1.4
Earth Magic    | 1 |  1.4
Poison Magic   | 1 |  1.4
Fighting       | 3 |  3.2
Bows           | |  4.9
Dodging        | |  4.9
Hexes          | |  5.6

Action                   |  1- 3 |  4- 6 || total
-------------------------+-------+-------++-------
Melee: Morningstar       |     5 |       ||     5
       Short sword       |    46 |   106 ||   152
       Bite              |     1 |    12 ||    13
       Punch             |       |     4 ||     4
 Fire: Shortbow          |    64 |     1 ||    65
 Cast: Corona            |     1 |       ||     1
  Use: Potion            |       |     5 ||     5
       Scroll            |       |     1 ||     1
 Stab: Sleeping          |     3 |     1 ||     4
       Distracted        |       |     1 ||     1
Armor: Robe              |    13 |       ||    13
       Animal skin       |       |    17 ||    17
       Ring mail         |       |    22 ||    22
       Leather armour    |       |     2 ||     2
Dodge: Dodged            |    39 |    71 ||   110

Table legend: (Time is in decaauts)
 A = Elapsed time spent in this place.
 B = Non-inter-level travel time spent in this place.
 C = Inter-level travel time spent in this place.
 D = Time resting spent in this place.
 E = Time spent auto-exploring this place.
 F = Levels seen in this place.
 G = Mean time per level.
                   A        B        C        D        E       F      G
               +--------+--------+--------+--------+--------+-----+--------+
         Total |   4688 |   3772 |    916 |   1009 |   1936 |   4 | 1172.0 |
       Dungeon |   4688 |   3772 |    916 |   1009 |   1936 |   4 | 1172.0 |
               +--------+--------+--------+--------+--------+-----+--------+

Top non-repeatable levels by time:
     D:2: 1637 daAuts
     D:3: 1147 daAuts
     D:1: 1002 daAuts
     D:4: 901 daAuts
